 Dungeon Crawl Stone Soup version 0.26-a0-8-gc4d20be10f (webtiles) character file.

Game seed: 1234046641686110758, levelgen mode: deterministic

121 HoaS the Covered (level 5, -3/33 HPs)
             Began as a Gargoyle Fighter on May 24, 2020.
             Slain by an orc warrior
             ... wielding a +0 battleaxe
              (6 damage)
             ... on level 2 of the Dungeon.
             The game lasted 00:05:22 (1847 turns).

HoaS the Covered (Gargoyle Fighter)                 Turns: 1847, Time: 00:05:22

Health: -3/33      AC: 20    Str: 20    XL:     5   Next: 5%
Magic:  5/5        EV:  3    Int:  9    God:
Gold:   82         SH:  9    Dex:  9    Spells: 4/4 levels left

rFire    . . .     SeeInvis .   a - +0 flail
rCold    . . .     Gourm    .   c - +0 kite shield
rNeg     + . .     Faith    .   p - +0 plate armour
rPois    ∞         Spirit   .   (no helmet)
rElec    +         Reflect  .   j - +2 cloak
rCorr    .         Harm     .   (no gloves)
MR       .....                  h - +0 pair of boots
Stlth    ..........             (no amulet)
HPRegen  0.11/turn              (no ring)
MPRegen  0.09/turn              (no ring)

@: mighty
A: negative energy resistance 1, electricity resistance, unbreathing,
petrification resistance, rot immunity, AC +4
a: no special abilities


You were on level 2 of the Dungeon.
You were not hungry.

You visited 1 branch of the dungeon, and saw 3 of its levels.

You collected 82 gold pieces.

Inventory:

Hand Weapons
 a - a +0 flail (weapon)
Armour
 c - a +0 kite shield (worn)
 h - a +0 pair of boots (worn)
 j - a +2 cloak (worn)
 p - a +0 plate armour (worn)
Jewellery
 b - an uncursed ring of protection from fire {unknown}
 e - an uncursed ring of poison resistance {unknown}
 l - an uncursed ring of fire {unknown}
 q - an uncursed ring of ice {unknown}
Wands
 r - a wand of flame (18)
Scrolls
 i - a scroll of amnesia {unknown}
 m - a scroll of blinking {unknown}
 o - a scroll of random uselessness {unknown}
Potions
 k - a potion of flight {unknown}
 n - a potion of heal wounds {unknown}
Comestibles
 f - 3 rations
 g - 4 chunks of flesh


   Skills:
 + Level 4.0 Fighting
 * Level 3.5 Maces & Flails
 + Level 4.0 Armour
 + Level 4.0 Shields


You had 4 spell levels left.
You didn't know any spells.
Your spell library was empty.

Dungeon Overview and Level Annotations

Branches:
Dungeon (3/15)

Altars:

Annotations:
D:3 Jessica


Innate Abilities, Weirdness & Mutations

You are resistant to torment.
Your stone body is resilient. (AC +4)
You are immune to poison.
You resist negative energy. (rN+)
You are resistant to electric shocks. (rElec)
You can survive without breathing.
You are immune to petrification.
You are immune to rotting.


Message History

The frilled lizard unfolds its giant frill.
The frilled lizard bites you but does no damage.
The orc warrior hits you with a +0 battleaxe.
You sock the orc warrior!
The orc warrior is heavily wounded.
The leopard gecko bites you but does no damage.
You block the frilled lizard's attack.
The orc warrior hits you with a +0 battleaxe!
* * * LOW HITPOINT WARNING * * *
The leopard gecko bites you but does no damage.
You closely miss the orc warrior.
The orc warrior is heavily wounded.
The frilled lizard bites you but does no damage.
The leopard gecko bites you but does no damage.
You block the orc warrior's attack. You block the frilled lizard's attack.
The leopard gecko bites you but does no damage.
You sock the orc warrior!
The orc warrior is almost dead.
The orc warrior hits you with a +0 battleaxe.
You die...

#'#......#.........# #.#
.........#######...#
#######.# ...........#
#...# #.......#
.........#.#
#...#####.#######
.........#+#####...)...#.#
...####..........#.###.#.#
.................#...#.#.#
...............[l#.#.#.#.#
...............l@#.#.#.#.#
#..####..####'##o#.#.#.#.#
#######..####.##.#.#.#.#.#
.##..............#.#.#.#.#
..#.........#......#.#.#.#
..#.........'........#.#.#
..#.........#####.####.#.#
..##...................#.#
..##.#÷................#.#


You could see an orc warrior, a leopard gecko and a frilled lizard.

Vanquished Creatures
  An adder (D:2)
  4 gnolls (D:2)
  A worm (D:2)
  4 dart slugs
  A leopard gecko (D:2)
  An orc (D:2)
  3 giant cockroaches
  4 goblins
  9 hobgoblins
  9 jackals
  A quokka (D:2)
  6 bats
  A frilled lizard (D:1)
  6 kobolds
  5 rats
56 creatures vanquished.

Notes
Turn   | Place    | Note
-------+----------+-------------------------------------------
     0 | D:1      | HoaS the Gargoyle Fighter began the quest for the Orb.
     0 | D:1      | Reached XP level 1. HP: 14/14 MP: 1/1
    98 | D:1      | Reached XP level 2. HP: 19/19 MP: 2/2
   413 | D:1      | Reached XP level 3. HP: 22/23 MP: 3/3
  1190 | D:2      | Reached XP level 4. HP: 29/29 MP: 4/4
  1402 | D:2      | Reached XP level 5. HP: 33/33 MP: 5/5
  1822 | D:3      | Noticed Jessica
  1822 | D:3      | Noticed an orc warrior
  1847 | D:2      | Slain by an orc warrior

Illustrated notes

Levels and vault maps discovered:
D:1:      sevenhm_arrival_forest_fort_large_4, layout_loops_ring
D:2:      layout_basic, nrook_uturn, serial_bayou_pond_e
D:3:      layout_loops_cross, lemuel_round_altar, first_ration,
          gup_sewer_entry_glass, elyvilon_altar_3, uniq_sigmund,
          uniq_crazy_yiuf_cottage, uniq_jessica

Skill      XL: |  1  2  3  4  5 |
---------------+----------------+-----
Maces & Flails | 3 |  3.5
Armour         | 4 |  4.0
Shields        | 4 |  4.0
Fighting       | 4 |  4.0

Action                   |  1- 3 |  4- 6 || total
-------------------------+-------+-------++-------
Melee: Flail             |   142 |    67 ||   209
  Use: Potion            |       |     1 ||     1
  Eat: Chunk             |     1 |     2 ||     3
Armor: Scale mail        |    60 |       ||    60
       Plate armour      |    28 |    56 ||    84
Dodge: Dodged            |    35 |    10 ||    45
Block: Kite shield       |    80 |    40 ||   120

Table legend:
 A = Non-vault XP
 B = Vault XP
 C = Vault XP percentage of total XP
 D = Non-vault monster count
 E = Vault monster count
 F = Vault count percentage of total count
                 A         B        C        D         E       F
            +---------+---------+-------+---------+---------+-------
      Total |     174 |       0 |   0.0 |      56 |       0 |   0.0
            +---------+---------+-------+---------+---------+-------
        D:1 |      46 |       0 |   0.0 |      25 |       0 |   0.0
        D:2 |     128 |       0 |   0.0 |      31 |       0 |   0.0
            +---------+---------+-------+---------+---------+-------
